 Dungeon Crawl Stone Soup version 0.25-a0-87-ga3d287bc14 (webtiles) character file.

Game seed: 8232167172206380096, levelgen mode: deterministic

39 Barrydekale the Magician (level 3, 0/19 HPs)
             Began as a Deep Elf Wizard on Nov 10, 2019.
             Hit by a stone thrown by a kobold (1 damage)
             ... on level 2 of the Dungeon.
             The game lasted 00:04:41 (1169 turns).

Barrydekale the Magician (Deep Elf Wizard)          Turns: 1169, Time: 00:04:41

Health: 0/19       AC:  2    Str:  4    XL:     3   Next: 26%
Magic:  11/11      EV: 13    Int: 23    God:
Gold:   87         SH:  0    Dex: 13    Spells: 7/12 levels left

rFire    . . .     SeeInvis .   c - +0 mace (venom)
rCold    . . .     Gourm    .   (no shield)
rNeg     . . .     Faith    .   a - +0 robe
rPois    .         Spirit   .   b - +0 hat
rElec    .         Reflect  .   (no cloak)
rCorr    .         Harm     .   (no gloves)
MR       .....                  (no boots)
Stlth    ++........             (no amulet)
HPRegen  0.06/turn              (no ring)
MPRegen  0.12/turn              (no ring)

@: no status effects
A: no striking features
a: no special abilities


You were on level 2 of the Dungeon.
You were hungry.

You visited 1 branch of the dungeon, and saw 2 of its levels.

You collected 87 gold pieces.

Inventory:

Hand Weapons
 c - a +0 mace of venom (weapon)
Missiles
 e - 29 stones (quivered)
Armour
 a - a +0 robe (worn)
 b - a +0 hat (worn)
Jewellery
 k - a +3 ring of intelligence {unknown}
Scrolls
 f - 2 scrolls of noise {unknown}
 g - a scroll of fear {unknown}
 l - a scroll of enchant armour {unknown}
 m - 3 scrolls of immolation {unknown}
Potions
 h - a potion of mutation {unknown}
 i - a potion of curing {unknown}
 j - a potion of resistance {unknown}
Comestibles
 d - 3 rations


   Skills:
 + Level 0.2 Fighting
 + Level 2.6 Dodging
 - Level 2.4 Stealth
 - Level 5.1 Spellcasting
 * Level 2.6 Conjurations
 - Level 1.1 Summonings
 - Level 1.1 Translocations


You had 7 spell levels left.
You knew the following spells:

 Your Spells              Type           Power        Failure   Level  Hunger
a - Magic Dart            Conj           ###.         3%          1    None
b - Call Imp              Summ           ##......     9%          2    None
c - Blink                 Tloc           N/A          9%          2    None

Your spell library contained the following spells:

 Spells                   Type           Power        Failure   Level  Hunger
 Slow                     Hex            #.......     14%         2    None
 Conjure Flame            Conj/Fire      ##......     16%         3    ##.....
 Mephitic Cloud           Conj/Pois/Air  #.......     19%         3    ##.....


Dungeon Overview and Level Annotations

Branches:
Dungeon (2/15)

Altars:


Message History

There is a stone staircase leading up here.
The bat closely misses you. The bat completely misses you. The bat misses you.
The bat hits you but does no damage. The bat hits you but does no damage.
The bat closely misses you.
You hit the bat but do no damage.
The bat is poisoned.
The bat hits you but does no damage. The bat barely misses you.
The bat barely misses you.
You closely miss the bat.
The bat is moderately wounded.
You kill the bat!
You hit the kobold but do no damage.
The kobold is poisoned.
The kobold hits you with a +5 dagger of electrocution.
You are electrocuted!
Ouch! That really hurt!
* * * LOW HITPOINT WARNING * * *
You kill the kobold!
The kobold throws a stone.
The stone hits you but does no damage.
The kobold throws a stone.
The stone closely misses you.
The kobold throws a stone.
The stone hits you.
You die...

#.##.. ##### #.##.. #...#
#.##.. ######### #...#
#####[##.. #.......# #...#
#.)†.<..†.
#.....(.####...###.###.####
#.......##.......K.#.....#
#.......##.........#.#.#.#
#.......##@..........#.#.#
##.......##(..............##
#..........................#
##.......##................#
##########........#####...#
###.....######...#
#..............#
#######.....######...#
.........##########..#


You could see a kobold.

Vanquished Creatures
  A gnoll (D:1)
  A leopard gecko (D:2)
  5 bats
  4 giant cockroaches (D:1)
  5 goblins (D:1)
  2 hobgoblins (D:1)
  4 kobolds
  3 frilled lizards (D:1)
  A rat (D:1)
26 creatures vanquished.

Notes
Turn   | Place    | Note
-------+----------+-------------------------------------------
     0 | D:1      | Barrydekale the Deep Elf Wizard began the quest for the
                  | Orb.
     0 | D:1      | Reached XP level 1. HP: 10/10 MP: 7/7
   198 | D:1      | Reached XP level 2. HP: 15/15 MP: 7/9
   212 | D:1      | Learned a level 2 spell: Call Imp
   215 | D:1      | Learned a level 2 spell: Blink
   325 | D:1      | Reached skill level 5 in Spellcasting
   650 | D:1      | Reached XP level 3. HP: 14/19 MP: 11/11
  1169 | D:2      | Hit by a stone thrown by a kobold

Levels and vault maps discovered:
D:1:      dpeg_arrival_houses_and_road, layout_basic
D:2:      layout_basic, grunt_temple_overflow_forces_of_nature,
          kennysheep_slug_shrine

Skill      XL: |  1  2 |
---------------+-------+-----
Conjurations   | 2 |  2.6
Spellcasting   | 5 |  5.1
Fighting       | |  0.2
Dodging        | |  2.6
Stealth        | |  2.4
Summonings     | |  1.1
Translocations | |  1.1

Action                   || total
-------------------------++-------
Melee: Mace              ||    29
       Unarmed           ||     2
 Cast: Magic Dart        ||    29
 Stab: Sleeping          ||     1
Armor: Robe              ||    13
Dodge: Dodged            ||    34

Table legend:
 A = Non-vault XP
 B = Vault XP
 C = Vault XP percentage of total XP
 D = Non-vault monster count
 E = Vault monster count
 F = Vault count percentage of total count
                 A         B        C        D         E       F
            +---------+---------+-------+---------+---------+-------
      Total |      56 |       0 |   0.0 |      26 |       0 |   0.0
            +---------+---------+-------+---------+---------+-------
        D:1 |      50 |       0 |   0.0 |      22 |       0 |   0.0
        D:2 |       6 |       0 |   0.0 |       4 |       0 |   0.0
            +---------+---------+-------+---------+---------+-------
